 Dungeon Sprint DCSS version 0.16-a0-4004-g8d6611c (webtiles) character file.

1882 PolkaDot the Imperceptible (level 8, 0/55 HPs)
             Began as a Vampire Gladiator on Feb 15, 2015.
             Was a Follower of Dithmenos.
             Slain by a centaur warrior (13 damage)
             ... in the Dungeon (Sprint I: "Red Sonja").
             The game lasted 00:05:39 (577 turns).

PolkaDot the Imperceptible (Vampire Gladiator)       Turns: 577, Time: 00:05:39

Health: 0/55       AC:  4    Str: 14    XL:     8   Next: 92%
Magic:  8/8        EV: 13    Int: 10    God:    Dithmenos [*.....]
Gold:   714        SH:  0    Dex: 16    Spells: 0 memorised, 7 levels left

rFire  . . .     SeeInvis +     a - +0 rapier
rCold  . . .     Clarity  .     b - +0 leather armour
rNeg   . . .     SustAb   .     (no shield)
rPois  .         Gourm    .     c - +0 helmet
rElec  .         Spirit   .     (no cloak)
rCorr  .         Warding  .     (no gloves)
rMut   .         NoTele   +     (no boots)
MR     .....                    (no amulet)
Stlth  ++++++++++               (no ring)
                                (no ring)

@: flying, regenerating quickly, wreathed by umbra, not resistant to hostile
enchantments, uncannily stealthy
A: bottle blood, fangs 3, camouflage 2, see invisible, screaming 1, unbreathing
a: Renounce Religion


You were in the Dungeon.
You worshipped Dithmenos.
Dithmenos was aware of your devotion.
You were full.

You visited 1 branch You collected 739 gold pieces.
You spent 25 gold pieces at shops.

Inventory:

Hand weapons
 a - a +0 rapier (weapon)
Armour
 b - a +0 leather armour (worn)
 c - a +0 helmet (worn)
Magical devices
 f - a wand of frost (14)
Scrolls
 e - a scroll of remove curse {unknown}
 h - a scroll of magic mapping {unknown}
 k - a scroll of blinking
Potions
 i - 2 potions of magic


   Skills:
 - Level 1.7 Fighting
 + Level 12.7 Short Blades
 - Level 1.5 Throwing
 - Level 3.2 Dodging
 * Level 22.1 Stealth


You had 7 spell levels left.
You didn't know any spells.

Dungeon Overview and Level Annotations

Branches:
Dungeon (1/1)

Altars:
Cheibriados
Dithmenos
Elyvilon
Fedhas
Gozag
Kikubaaqudgha
Makhleb
Nemelex Xobeh
Okawaru
Qazlal
Ru
Sif Muna
Trog
Vehumet
Xom
Yredelemnul
Zin
The Shining One
Jiyva

Shops:
D :![


Innate Abilities, Weirdness & Mutations

Your natural rate of healing is unusually fast.
You can bottle blood from corpses.
You have razor-sharp teeth.
You have supernaturally acute eyesight.
You can survive without breathing.
Your skin blends seamlessly with your surroundings (Stealth).
You occasionally shout uncontrollably at your foes.


Message History

Drink which item? (? for menu, Esc to quit)
You feel better. The centaur warrior hits you.
* * * LOW HITPOINT WARNING * * *
The centaur warrior hits you!
* * * LOW HITPOINT WARNING * * *
Drink which item? (? for menu, Esc to quit)
You feel better. The centaur warrior barely misses you.
Drink which item? (? for menu, Esc to quit)
Okay, then.
Evoke which item? (* to show all) (? for menu, Esc to quit)
Zapping:
f - a wand of frost {zapped: 11} (will waste charges)
Press: ? - help, Shift-Dir - straight line, f/p - centaur warrior
Aim: a centaur warrior (purple smoke, moderately wounded, umbra)
The puff of frost hits the centaur warrior.
The centaur warrior is moderately wounded.
Evoking this partially-identified wand wasted a few charges.
The centaur warrior hits you.
* * * LOW HITPOINT WARNING * * *
The centaur warrior hits you!
You die...

################
#..').#.)'..#__#
').#..'..#..'..+
#####'#####'#__####
####..#...#.####§§#
#__####..##.#≈§§§§#
#_..__##'#).+≈§§@§+
#_.∩..÷'.(._#≈§§§c#
#_..._##_.#'##§####
#_____###'#.#([§.###
#########.####§###)##
.......'...'.....'.∩#
++++####...##########
###.### #.#'#.#


You could see a centaur warrior.

Vanquished Creatures
  A centaur warrior (D)
  A deep troll (D)
  Sonja (D)
  A slime creature (D)
  A yak (D)
  An ogre (D)
  Sigmund (D)
  A jelly (D)
  Ijyb (D)
  A giant spore (D)
  4 ballistomycetes (D)
14 creatures vanquished.

Vanquished Creatures (others)
  A giant spore (D)
1 creature vanquished.

Grand Total: 15 creatures vanquished

Notes
Turn   | Place    | Note
--------------------------------------------------------------
     0 | D        | PolkaDot, the Vampire Gladiator, began the quest for the Orb.
     0 | D        | Reached XP level 1. HP: 16/16 MP: 1/1
     2 | D        | Noticed Ijyb
    25 | D        | Killed Ijyb
    25 | D        | Reached skill level 4 in Short Blades
    25 | D        | Reached skill level 6 in Stealth
    25 | D        | Reached XP level 2. HP: 16/22 MP: 2/2
    59 | D        | Noticed an ogre
    62 | D        | Killed an ogre
    62 | D        | Reached skill level 11 in Stealth
    62 | D        | Reached XP level 3. HP: 13/27 MP: 3/3
    62 | D        | Reached XP level 4. HP: 15/33 MP: 4/4
   158 | D        | Noticed Sigmund
   160 | D        | Killed Sigmund
   160 | D        | Reached skill level 13 in Stealth
   160 | D        | Reached XP level 5. HP: 38/38 MP: 5/5
   173 | D        | Found a snail-covered altar of Cheibriados.
   173 | D        | Found a shadowy altar of Dithmenos.
   173 | D        | Noticed a slime creature
   174 | D        | Found a viscous altar of Jiyva.
   174 | D        | Found a blossoming altar of Fedhas.
   176 | D        | Killed a slime creature
   176 | D        | Reached skill level 16 in Stealth
   176 | D        | Reached XP level 6. HP: 44/44 MP: 6/6
   180 | D        | Found a deep blue altar of Sif Muna.
   181 | D        | Noticed a jelly
   182 | D        | Found a radiant altar of Vehumet.
   186 | D        | Killed a jelly
   219 | D        | Found Sherr's Distillery.
   219 | D        | Found a white marble altar of Elyvilon.
   219 | D        | Found a burning altar of Makhleb.
   219 | D        | Found a sacrificial altar of Ru.
   219 | D        | Found a glowing golden altar of the Shining One.
   219 | D        | Found an opulent altar of Gozag.
   219 | D        | Found a glowing silver altar of Zin.
   219 | D        | Noticed a yak
   220 | D        | Found a stormy altar of Qazlal.
   220 | D        | Found a basalt altar of Yredelemnul.
   220 | D        | Found an iron altar of Okawaru.
   220 | D        | Found a sparkling altar of Nemelex Xobeh.
   220 | D        | Found a shimmering altar of Xom.
   220 | D        | Found an ancient bone altar of Kikubaaqudgha.
   221 | D        | Killed a yak
   221 | D        | Reached skill level 10 in Short Blades
   221 | D        | Reached skill level 17 in Stealth
   221 | D        | Reached XP level 7. HP: 49/49 MP: 7/7
   222 | D        | Found a bloodstained altar of Trog.
   230 | D        | Bought a potion of mutation for 25 gold pieces
   230 | D        | Gained mutation: Your skin changes colour to match your surroundings (Stealth). [potion of mutation]
   230 | D        | Gained mutation: Your skin blends seamlessly with your surroundings (Stealth). [potion of mutation]
   230 | D        | Gained mutation: You occasionally shout uncontrollably at your foes. [potion of mutation]
   245 | D        | Became a worshipper of Dithmenos the Shadowed
   255 | D        | Noticed Sonja
   282 | D        | Killed Sonja
   282 | D        | Reached skill level 18 in Stealth
   402 | D        | Found Bisiyloym's Book Boutique.
   529 | D        | Noticed a deep troll
   533 | D        | Killed a deep troll
   533 | D        | Reached skill level 20 in Stealth
   533 | D        | Reached XP level 8. HP: 55/55 MP: 8/8
   543 | D        | Found Kligh's Armour Emporium.
   560 | D        | Noticed a centaur warrior
   560 | D        | Noticed a centaur warrior
   564 | D        | Killed a centaur warrior
   564 | D        | Reached skill level 22 in Stealth
   577 | D        | Slain by a centaur warrior

Action                   |  1- 3 |  4- 6 |  7- 9 || total
-------------------------+-------+-------+-------++-------
Melee: Rapier            |    25 |     4 |    48 ||    77
Throw: Throwing net      |     1 |       |     6 ||     7
Evoke: Wand              |       |       |     2 ||     2
  Use: Potion            |     1 |       |    11 ||    12
 Stab: Held in net/web   |     2 |       |     2 ||     4
       Sleeping          |       |     4 |     1 ||     5
  Eat: Corpse            |     1 |     1 |     1 ||     3
